 Dungeon Crawl Stone Soup version 0.32-a0-560-g4c7f4391e0 (webtiles) character file.

Game seed: 12481524011822946991

786 lunkers the Slicer (level 7, -10/50 HPs)
             Began as a Coglin Brigand on Feb 29, 2024.
             Mangled by an orc warrior
             ... wielding a +0 halberd
              (11 damage)
             ... on level 6 of the Dungeon.
             The game lasted 00:05:03 (4139 turns).

lunkers the Slicer (Coglin Brigand)                 Turns: 4139, Time: 00:05:04

Health: -10/50     AC:  7    Str: 13    XL:     7   Next: 87%
Magic:  7/7        EV: 11    Int: 11    God:
Gold:   342        SH:  0    Dex: 15    Spells: 6/6 levels left

rFire   + . .        a - +3 dagger {Ekveer}
rCold   . . .        i - +2 rapier (speed) {Cortez}
rNeg    . . .        h - +2 robe {rF+}
rPois   .            (no helmet)
rElec   .            u - +1 cloak {Will+}
rCorr   .            (no gloves)
SInv    .            b - +0 pair of boots
Will    +....        (amulet unavailable)
Stlth   ++           (ring unavailable)
HPRegen 0.28/turn    (ring unavailable)
MPRegen 0.10/turn    (no gizmo)

%: no passive effects
@: revving
A: off-hand wielding, slow wielding, warmup strikes, no jewelry
a: Invent Gizmo


You were on level 6 of the Dungeon.
You visited 1 branch of the dungeon, and saw 6 of its levels.

You collected 342 gold pieces.

Inventory:

Hand Weapons
 a - a +3 dagger (weapon) {Ekveer}
 f - a +1 heavy spear {Zoran}
 i - a +2 rapier of speed (offhand) {Cortez}
 j - a +1 short sword of venom
Missiles
 d - 13 poisoned darts
 e - 3 curare-tipped darts
 l - a throwing net
Armour
 b - a +0 pair of boots (worn)
 h - a +2 robe of fire resistance (worn)
 k - a +0 ring mail
 u - a +1 cloak of willpower (worn)
Wands
 n - a wand of mindburst (12)
Scrolls
 g - 2 scrolls of fear
 o - 2 scrolls of enchant weapon
Potions
 c - a potion of magic
 m - a potion of enlightenment
 q - a potion of resistance
 r - 2 potions of curing
 s - 2 potions of brilliance
 t - a potion of attraction
 v - a potion of heal wounds


   Skills:
 - Level 2.0 Fighting
 + Level 8.0 Short Blades
 - Level 1.7 Throwing
 - Level 0.8 Dodging
 - Level 3.2 Stealth


You had 6 spell levels left.
You didn't know any spells.
Your spell library contained the following spells:

 Spells                   Type           Power      Damage    Failure   Level
 Call Canine Familiar     Summ           0%         N/A       71%         3
 Dazzling Flash           Conj/Hex       0%         N/A       71%         3
 Hailstorm                Conj/Ice       0%         3d5       71%         3
 Sigil of Binding         Hex            0%         N/A       71%         3
 Summon Ice Beast         Ice/Summ       0%         N/A       71%         3
 Volatile Blastmotes      Fire/Tloc      0%         2d10      71%         3
 Dimensional Bullseye     Hex/Tloc       0%         N/A       98%         4
 Sculpt Simulacrum        Ice/Alch       0%         N/A       100%        6
 Starburst                Conj/Fire      0%         6d3       100%        6
 Maxwell's Capacitive Co  Air            0%         ∞         100%        8


Dungeon Overview and Level Annotations

Branches:
Dungeon (6/15)
 Temple: D:4-7

Altars:
Xom


Innate Abilities, Weirdness & Mutations

You can wield a second weapon in your off-hand.
It takes a long time for you to wield or remove held weapons.
Your first few attacks do less damage.
You cannot equip rings or amulets.


Message History

You hit the orc warrior with your +3 dagger.
The orc warrior hits you with a +0 halberd.
There are monsters nearby!
You hit the orc warrior with your +2 rapier of speed.
The orc warrior is lightly wounded.
You hit the orc warrior but do no damage.
You barely miss the orc warrior with your +3 dagger.
The orc warrior is lightly wounded.
You hit the orc warrior but do no damage.
The orc hits you with a +0 flail.
The orc warrior hits you but does no damage.
You hit the orc warrior but do no damage.
The orc warrior is lightly wounded.
You barely miss the orc warrior with your +2 rapier of speed.
You closely miss the orc warrior with your +2 rapier of speed.
The orc warrior is lightly wounded.
You hit the orc warrior but do no damage.
The orc barely misses you.
The orc warrior hits you but does no damage.
You hit the orc warrior but do no damage.
The orc warrior is lightly wounded.
You hit the orc warrior but do no damage.
An orc comes into view. It is wielding a +0 club.
The orc closely misses you.
The orc warrior hits you with a +0 halberd!
* * * LOW HITPOINT WARNING * * *
The orc warrior hits you from afar with a +0 halberd!
* * * LOW HITPOINT WARNING * * *
You see here a +0 mace.
The orc attacks as it pursues you! The orc hits you with a +0 flail.
* * * LOW HITPOINT WARNING * * *
You hit the orc with your +3 dagger.
You kill the orc!
Unknown command.
Aiming: Mindburst
Press: ? - help, Shift-Dir - straight line, f - orc warrior
Aim: an orc warrior, wielding a +0 halberd and wearing a +0 plate armour (lightly wounded, chance to affect: 64%)
The orc warrior's mind is blasted!!
The orc warrior hits you from afar with a +0 halberd!
You die...

# #####. ......###
#.o.o.# #o# #)#
#@# #.# #.# #.#
#.################
#.................
##.#########.....#
...# .............
###>.
........#....


You could see an orc warrior and an orc.

Vanquished Creatures
  Sigmund (D:4)
  An ogre (D:4)
  2 scorpions (D:5)
  A jelly (D:4)
  Crazy Yiuf (D:3)
  3 iguanas
  2 sleepcaps
  Natasha (thrice) (D:3)
  2 orc wizards (D:5)
  3 adders
  2 dart slugs (D:4)
  14 orcs
  5 bats
  8 endoplasms
  2 giant cockroaches (D:1)
  3 goblins
  4 hobgoblins
  4 jackals (D:1)
  4 quokkas (D:1)
  2 ball pythons
  A frilled lizard (D:2)
  3 kobolds
  4 rats
75 creatures vanquished.

Notes
Turn   | Place    | Note
-------+----------+-------------------------------------------
     0 | D:1      | lunkers the Coglin Brigand began the quest for the Orb.
     0 | D:1      | Reached XP level 1. HP: 16/16 MP: 1/1
    69 | D:1      | Reached skill level 2 in Short Blades
   128 | D:1      | Reached XP level 2. HP: 22/22 MP: 2/2
   144 | D:1      | Found a faded altar of an unknown god.
   290 | D:1      | Reached skill level 3 in Short Blades
   364 | D:1      | Reached XP level 3. HP: 27/27 MP: 3/3
   559 | D:2      | Found a shimmering altar of Xom.
  1064 | D:3      | Noticed Natasha
  1070 | D:3      | Killed Natasha
  1071 | D:3      | Reached skill level 4 in Short Blades
  1071 | D:3      | Reached XP level 4. HP: 23/33 MP: 4/4
  1088 | D:3      | Noticed Natasha
  1095 | D:3      | Killed Natasha
  1244 | D:3      | Noticed Natasha
  1253 | D:3      | Killed Natasha
  1254 | D:3      | Reached XP level 5. HP: 22/38 MP: 5/5
  1618 | D:3      | Found a runed translucent door.
  1619 | D:3      | Noticed Crazy Yiuf
  1810 | D:3      | Killed Crazy Yiuf
  1811 | D:3      | Reached skill level 5 in Short Blades
  1940 | D:4      | Noticed Sigmund
  1957 | D:4      | Killed Sigmund
  1958 | D:4      | Reached skill level 6 in Short Blades
  1958 | D:4      | Reached XP level 6. HP: 21/44 MP: 6/6
  2609 | D:4      | Reached XP level 7. HP: 5/50 MP: 7/7
  2936 | D:4      | Reached skill level 7 in Short Blades
  3226 | D:4      | Identified a scroll of acquirement
  3226 | D:4      | Acquired a +2 rapier of speed
  3264 | D:5      | Entered Level 5 of the Dungeon
  3824 | D:5      | Reached skill level 8 in Short Blades
  4137 | D:6      | HP: 1/50 [orc/+0 flail (5)]
  4139 | D:6      | Mangled by an orc warrior

Illustrated notes

Levels and vault maps discovered:
D:1:      giann_wishing_wells, layout_rooms,
          hellmonk_ecumenical_altar_dog_temple, wad_floor_pattern_1
D:2:      minmay_wonky_spiral, layout_rooms, basic_altar, chequers_arboretum
D:3:      layout_loops_ring, uniq_natasha, uniq_crazy_yiuf_cottage
D:4:      layout_basic, uniq_sigmund
D:5:      layout_basic
D:6:      layout_basic, minmay_temple_entry_mini_moons, st_stairs_7,
          hangedman_abyss_or_decor_stagger

Skill      XL: |  1  2  3  4  5  6  7 |
---------------+----------------------+-----
Short Blades   | 2 3 4 6 8 |  8.0
Fighting       | |  2.0
Throwing       | |  1.7
Dodging        | |  0.8
Stealth        | |  3.2

Action                     |  1- 3 |  4- 6 |  7- 9 || total
---------------------------+-------+-------+-------++-------
  Melee: Dagger            |    57 |    42 |    93 ||   192
         Spear             |    45 |    54 |    13 ||   112
         Rapier            |       |       |    80 ||    80
  Evoke: Wand              |       |     7 |     1 ||     8
    Use: Scroll            |       |     1 |    14 ||    15
   Stab: Sleeping          |     4 |     6 |     1 ||    11
 Armour: Robe              |    12 |    10 |    54 ||    76
         Ring mail         |    13 |    27 |       ||    40
  Dodge: Dodged            |    39 |    21 |    47 ||   107

Table legend: (Time is in decaauts)
 A = Elapsed time spent in this place.
 B = Non-inter-level travel time spent in this place.
 C = Inter-level travel time spent in this place.
 D = Time resting spent in this place.
 E = Time spent auto-exploring this place.
 F = Levels seen in this place.
 G = Mean time per level.
                   A        B        C        D        E       F      G
               +--------+--------+--------+--------+--------+-----+--------+
         Total |   4126 |   3994 |    132 |      0 |   3364 |   6 |  687.7 |
       Dungeon |   4126 |   3994 |    132 |      0 |   3364 |   6 |  687.7 |
               +--------+--------+--------+--------+--------+-----+--------+

Top non-repeatable levels by time:
     D:4: 1419 daAuts
     D:3: 806 daAuts
     D:5: 799 daAuts
     D:2: 536 daAuts
     D:1: 526 daAuts
     D:6: 39 daAuts
